 Dungeon Crawl Stone Soup version 0.17-a0-2064-g265a032 (webtiles) character file.

105 Ordine the Cudgeler (level 4, -1/39 HPs)
             Began as a Minotaur Berserker on Oct 13, 2015.
             Was a Believer of Trog.
             Slain by a gnoll (8 damage)
             ... on level 2 of the Dungeon.
             The game lasted 00:08:30 (2549 turns).

Ordine the Cudgeler (Minotaur Berserker)            Turns: 2549, Time: 00:08:31

Health: -1/39      AC:  3    Str: 16    XL:     4   Next: 54%
Magic:  12/12      EV: 12    Int:  4    God:    Trog [**....]
Gold:   86         SH:  0    Dex: 13    Spells: 0 memorised, 3 levels left

rFire  . . .     SeeInvis .     k - +2 hand axe of Extremism {freeze, rPois MP+9 Str-5 Dex+2}
rCold  . . .     Clarity  .     b - +1 animal skin
rNeg   . . .     SustAt   .     (no shield)
rPois  +         Gourm    .     (helmet restricted)
rElec  .         Spirit   .     (no cloak)
rCorr  .         Warding  .     (no gloves)
rMut   .         Stasis   .     (no boots)
MR     .....                    (no amulet)
Stlth  +.........               (no ring)
                                j - ring of flight

@: not resistant to hostile enchantments, very unstealthy
A: retaliatory headbutt, horns 2
a: Burn Spellbooks, Berserk, Trog's Hand, Renounce Religion, Evoke Flight


You were on level 2 of the Dungeon.
You worshipped Trog.
Trog was pleased with you.
You were very hungry.

You visited 1 branch of the dungeon, and saw 3 of its levels.

You collected 86 gold pieces.

Inventory:

Hand Weapons
 a - a +1 mace
 k - the +2 hand axe of Extremism (weapon) {freeze, rPois MP+9 Str-5 Dex+2}
   (You found it on level 1 of the Dungeon)

   It has been specially enchanted to freeze those struck by it, causing extra
   injury to most foes and up to half again as much damage against particularly
   susceptible opponents.
   It can also slow down cold-blooded creatures.
   It affects your strength (-5).
   It affects your dexterity (+2).
   It protects you from poison.
   It affects your magic capacity (+9).
Armour
 b - a +1 animal skin (worn)
Jewellery
 j - a ring of flight (left hand)
Scrolls
 e - a scroll of remove curse
 o - 2 scrolls of enchant weapon
Potions
 d - a potion of heal wounds
 g - a potion of curing
 i - a potion of invisibility {unknown}
 p - a potion of poison {unknown}
Comestibles
 c - 5 bread rations
 f - a royal jelly
 l - 2 beef jerkies
 m - 2 meat rations


   Skills:
 - Level 3.6 Fighting
 + Level 6.5 Maces & Flails
 - Level 2.4 Armour
 - Level 2.1 Dodging


You had 3 spell levels left.
You didn't know any spells.

Dungeon Overview and Level Annotations

Branches:
Dungeon (3/15)

Altars:
Dithmenos
Kikubaaqudgha

Annotations:
D:3 Robin


Innate Abilities, Weirdness & Mutations

You reflexively headbutt those who attack you in melee.
You have a pair of horns on your head.


Message History

You closely miss the gnoll. You barely miss the orc.
The gnoll closely misses you. You furiously retaliate!
You headbutt the gnoll. The gnoll hits you. The orc hits you with a dagger.
* * * LOW HITPOINT WARNING * * *
You hit the gnoll but do no damage.
The gnoll is heavily wounded.
You hit the gnoll. You freeze the gnoll.
The gnoll is heavily wounded.
You hit the orc. You freeze the orc.
The orc is moderately wounded.
The gnoll barely misses you. The gnoll closely misses you.
The orc barely misses you.
You hit the gnoll but do no damage. You headbutt the gnoll.
The gnoll is severely wounded.
You hit the orc. You freeze the orc.
The orc is severely wounded.
You hit the gnoll. You freeze the gnoll.
The gnoll is severely wounded.
The gnoll hits you!
You die...

...............##.#
#.#.....##.#
...............##.#
#.......##.#
...............##.#
###.....##.#
#####...#########.# #.....##.#
# #...# #..# ########.. #...#
#.## ### #...# #.# ###########
#...# #g# ##...<......
###...########@#####....##.####
#.............gog....#..##.#
#.#...#.#####.######....##.#
#.......#####.# ##.####.#
###..........##.# #.####.#
..........##.##.# #..<...#
###.......##.##.# ######## #
#....<........###
####.#####.##...#


You could see 2 gnolls, an orc and a goblin.

Vanquished Creatures
  4 adders (D:2)
  A gnoll (D:2)
  A giant gecko (D:2)
  An orc (D:2)
  5 giant cockroaches (D:1)
  3 hobgoblins
  7 jackals
  7 kobolds
  5 bats
  4 giant newts (D:2)
  8 goblins
  10 rats
56 creatures vanquished.

Notes
Turn   | Place    | Note
--------------------------------------------------------------
     0 | D:1      | Ordine the Minotaur Berserker began the quest for the Orb.
     0 | D:1      | Reached XP level 1. HP: 19/19 MP: 0/0
   107 | D:1      | Reached skill level 4 in Maces & Flails
   151 | D:1      | Reached XP level 2. HP: 15/26 MP: 1/1
   818 | D:1      | Got a faintly glowing hand axe
   819 | D:1      | Identified the cursed +2 hand axe of Extremism {freeze, rPois MP+9 Str-5 Dex+2} (You found it on level 1 of the Dungeon)
  1134 | D:1      | Reached skill level 5 in Maces & Flails
  1396 | D:2      | Reached XP level 3. HP: 29/31 MP: 2/2
  1580 | D:2      | Reached ** piety under Trog
  2093 | D:2      | Reached skill level 6 in Maces & Flails
  2093 | D:2      | Reached XP level 4. HP: 35/39 MP: 3/3
  2157 | D:2      | Found a shadowy altar of Dithmenos.
  2157 | D:2      | Found an ancient bone altar of Kikubaaqudgha.
  2544 | D:3      | Noticed Robin
  2549 | D:2      | Slain by a gnoll

Vault maps used:
D:1:      onia_arrival_mini_maze_b, dk_noncrumbling_3
D:2:      gammafunk_temple_overflow_pools, first_bread
D:3:      uniq_robin, uniq_grinder

Action                   |  1- 3 |  4- 6 || total
-------------------------+-------+-------++-------
Melee: Mace              |    24 |       ||    24
       Hand axe          |    63 |    23 ||    86
  Use: Scroll            |     6 |     1 ||     7
 Stab: Sleeping          |     4 |       ||     4
  Eat: Chunk             |     4 |       ||     4
